 Dungeon Crawl Stone Soup version 0.30-a0-956-gcec3b41aec (webtiles) character file.

Game seed: 15357762468124533352

207 ThatPearl the Trooper (level 5, -3/35 HPs)
             Began as a Gargoyle Monk on Mar 29, 2023.
             Slain by an ogre
             ... wielding a +0 giant club
              (16 damage)
             ... on level 4 of the Dungeon.
             The game lasted 00:05:20 (2443 turns).

ThatPearl the Trooper (Gargoyle Monk)               Turns: 2443, Time: 00:05:20

Health: -3/35      AC: 14    Str: 15    XL:     5   Next: 85%
Magic:  5/5        EV: 10    Int: 12    God:
Gold:   110        SH:  0    Dex: 12    Spells: 4/4 levels left

rFire   . . .      SeeInvis .    s - +3 whip
rCold   . . .      Faith    .    (no shield)
rNeg    + . .      Spirit   .    e - +0 scale mail
rPois   ∞          Reflect  .    u - +2 helmet
rElec   +          Rampage  .    (no cloak)
rCorr   .                        n - +0 pair of gloves
Will    .....                    (no boots)
Stlth   +                        (no amulet)
HPRegen 0.25/turn                (no ring)
MPRegen 0.09/turn                (no ring)

@: no status effects
A: sickness immunity, AC +4, negative energy resistance 1, electricity
resistance, torment resistance 1, petrification resistance
a: no special abilities


You were on level 4 of the Dungeon.
You visited 1 branch of the dungeon, and saw 4 of its levels.

You collected 110 gold pieces.

Inventory:

Hand Weapons
 a - a +0 mace
 s - a +3 whip (weapon)
Missiles
 d - 39 stones (quivered)
Armour
 e - a +0 scale mail (worn)
 n - a +0 pair of gloves (worn)
 u - a +2 helmet (worn)
Jewellery
 k - a ring of ice
Scrolls
 b - a scroll of poison {unknown}
 f - a scroll of identify {unknown}
 g - a scroll of teleportation {unknown}
 l - a scroll of silence {unknown}
 o - a scroll of fog {unknown}
 p - a scroll of enchant armour {unknown}
 t - a scroll of noise {unknown}
 y - 2 scrolls of brand weapon {unknown}
 z - a scroll of blinking {unknown}
Potions
 c - a potion of ambrosia
 h - a potion of lignification {unknown}
 i - a potion of cancellation {unknown}
 m - 2 potions of attraction {unknown}
 q - 3 potions of heal wounds {unknown}
 r - a potion of invisibility {unknown}
 v - a potion of curing {unknown}
 w - 2 potions of haste {unknown}
 x - a potion of brilliance {unknown}


   Skills:
 - Level 5.0 Fighting
 * Level 4.9 Maces & Flails
 + Level 1.7 Armour
 - Level 2.4 Dodging
 - Level 2.1 Stealth


You had 4 spell levels left.
You didn't know any spells.
Your spell library contained the following spells:

 Spells                   Type           Power      Damage    Failure   Level
 Kiss of Death            Conj/Necr      0%         2d5       78%         1
 Confusing Touch          Hex            0%         N/A       98%         3
 Dispel Undead            Necr           0%         3d6       100%        4
 Petrify                  Tmut/Erth      0%         N/A       100%        4
 Irradiate                Conj/Tmut      0%         3d11      100%        5
 Sublimation of Blood     Necr           Unusable   N/A       N/A         2

Dungeon Overview and Level Annotations

Branches:
Dungeon (4/15)
 Temple: D:4-7

Altars:
Trog
Uskayaw
Zin


Innate Abilities, Weirdness & Mutations

You are immune to sickness and miasma.
Your stone body is resilient. (AC +4)
You are immune to poison.
You resist negative energy. (rN+)
You are resistant to electric shocks. (rElec)
You are resistant to unholy torment.
You are immune to petrification.


Message History

You aren't carrying any items that you can evoke.
Throw: 6 darts (poison)
Press: ? - help, Q - select action, (/) - cycle Shift-Dir - straight line, f - ogre
Aim: an ogre, wielding a +0 giant club (74% to hit)
You throw a poisoned dart. The poisoned dart hits the ogre.
The ogre is poisoned.
Throw: 5 darts (poison)
Press: ? - help, Q - select action, (/) - cycle Shift-Dir - straight line, f/p - ogre
Aim: an ogre, wielding a +0 giant club (poisoned, 74% to hit)
You throw a poisoned dart. The poisoned dart hits the ogre.
The ogre looks even sicker.
Throw: 4 darts (poison)
Press: ? - help, Q - select action, (/) - cycle Shift-Dir - straight line, f/p - ogre
Aim: an ogre, wielding a +0 giant club (very poisoned, 74% to hit)
You throw a poisoned dart.
The poisoned dart barely misses the ogre.
Throw: 3 darts (poison)
Press: ? - help, Q - select action, (/) - cycle Shift-Dir - straight line, f/p - ogre
Aim: an ogre, wielding a +0 giant club (very poisoned, 74% to hit)
You throw a poisoned dart. The poisoned dart hits the ogre.
Throw: 2 darts (poison)
Press: ? - help, Q - select action, (/) - cycle Shift-Dir - straight line, f/p - ogre
Aim: an ogre, wielding a +0 giant club (lightly wounded, very poisoned, 74% to hit)
You throw a poisoned dart. The poisoned dart hits the ogre.
The ogre is lightly wounded.
The ogre attacks as you move away!
The ogre hits you with a +0 giant club!!
Ouch! That really hurt!
* * * LOW HITPOINT WARNING * * *
The ogre looks more healthy.
Throw: dart (poison)
Press: ? - help, Q - select action, (/) - cycle Shift-Dir - straight line, f/p - ogre
Aim: an ogre, wielding a +0 giant club (severely wounded, 74% to hit)
You throw a poisoned dart. The poisoned dart hits the ogre.
The ogre is poisoned.
The ogre is severely wounded.
You barely miss the ogre.
The ogre is severely wounded.
The ogre hits you with a +0 giant club!
You die...

.#.# #.# #.#.# #.#
... .# #.# ... .#
#.# #########.# #.#
((((..#...# #.#
#...# #.#
#..#############.##
#..........O@.....#
#...###############
#...# #...# #.#.#
##.#.# #.†#.#
#..#.# #).#.#


You could see an ogre (poisoned).

Vanquished Creatures
  2 orc wizards (D:4)
  5 adders
  2 worms (D:2)
  3 dart slugs
  4 orcs
  10 endoplasms
  5 giant cockroaches
  11 goblins
  6 hobgoblins
  2 jackals (D:2)
  7 kobolds
  3 quokkas
  13 ball pythons
  10 bats
  7 rats
90 creatures vanquished.

Notes
Turn   | Place    | Note
-------+----------+-------------------------------------------
     0 | D:1      | ThatPearl the Gargoyle Monk began the quest for the Orb.
     0 | D:1      | Reached XP level 1. HP: 14/14 MP: 1/1
    76 | D:1      | Reached XP level 2. HP: 12/19 MP: 2/2
   265 | D:1      | Reached XP level 3. HP: 14/24 MP: 3/3
   345 | D:1      | Reached skill level 4 in Fighting
   706 | D:2      | Reached XP level 4. HP: 27/30 MP: 4/4
  1446 | D:3      | Found a bloodstained altar of Trog.
  1503 | D:3      | Reached XP level 5. HP: 25/34 MP: 5/5
  1946 | D:3      | Found a glowing silver altar of Zin.
  1985 | D:3      | Found a hide-covered altar of Uskayaw.
  2065 | D:3      | Reached skill level 1 in Armour
  2338 | D:4      | Reached skill level 5 in Fighting
  2425 | D:4      | Noticed an ogre
  2443 | D:4      | Slain by an ogre

Illustrated notes

Levels and vault maps discovered:
D:1:      eino_arrival_druids_welcome, layout_rooms
D:2:      minmay_alternating_diamond, layout_loops_ring
D:3:      layout_basic, zin_academy, mainiacjoe_overflow_paths,
          nicolae_uskayaw_suspiria, grunt_ministairs_1
D:4:      layout_basic, minmay_manual_monolith

Skill      XL: |  1  2  3  4  5 |
---------------+----------------+-----
Fighting       | 4 5 |  5.0
Maces & Flails | 4 |  4.9
Armour         | 1 |  1.7
Dodging        | |  2.4
Stealth        | |  2.1

Action                     |  1- 3 |  4- 6 || total
---------------------------+-------+-------++-------
  Melee: Mace              |    89 |    80 ||   169
         Punch             |     1 |     1 ||     2
         Whip              |       |    99 ||    99
  Throw: Dart              |       |     6 ||     6
 Armour: Scale mail        |    61 |   119 ||   180
         Robe              |     1 |       ||     1
  Dodge: Dodged            |    39 |    95 ||   134

Table legend: (Time is in decaauts)
 A = Elapsed time spent in this place.
 B = Non-inter-level travel time spent in this place.
 C = Inter-level travel time spent in this place.
 D = Time resting spent in this place.
 E = Time spent auto-exploring this place.
 F = Levels seen in this place.
 G = Mean time per level.
                   A        B        C        D        E       F      G
               +--------+--------+--------+--------+--------+-----+--------+
         Total |   2464 |   2390 |     74 |      0 |   1684 |   4 |  616.0 |
       Dungeon |   2464 |   2390 |     74 |      0 |   1684 |   4 |  616.0 |
               +--------+--------+--------+--------+--------+-----+--------+

Top non-repeatable levels by time:
     D:2: 829 daAuts
     D:3: 794 daAuts
     D:1: 597 daAuts
     D:4: 242 daAuts
